Quebec Nordiques vs Los Angeles Kings
Created - Friday, May 23, 2025 at 07:16
Goals
|
| Quebec Nordiques |
2 |
0 |
0 |
0 |
2 |
2 |
| Los Angeles Kings |
0 |
2 |
0 |
0 |
3 |
3 |
|
Shots
|
| Quebec Nordiques |
21 |
5 |
4 |
0 |
5 |
30 |
| Los Angeles Kings |
14 |
10 |
3 |
1 |
5 |
28 |
|
1st period
1. Quebec Nordiques , Shane Pinto 25 (Nikolaj Ehlers 23, Alex DeBrincat 49) at 8:03
2. Quebec Nordiques , Marco Rossi 24 (Michael Anderson 12) at 13:56
Penalties :
Mark Giordano (QUE) for Delaying the game (Minor) at 1:09, Matthew Boldy (LAK) for Hooking (Minor) at 17:37
2nd period
3. Los Angeles Kings , Andrei Kuzmenko 13 (MacKenzie Weegar 27) at 2:40
4. Los Angeles Kings , Logan Cooley 21 (Noah Dobson 39, Blake Wheeler 14) at 5:55
Penalties :
Owen Power (LAK) for Roughing (Minor) at 3:26, Mark Giordano (QUE) for Hooking (Minor) at 8:05, Vitali Kravtsov (LAK) for High sticking (Minor) at 10:34, Anthony Mantha (QUE) for Hooking (Minor) at 17:26
3rd period
No Goal
Penalties :
Vitali Kravtsov (LAK) for Slashing (Minor) at 15:53
Overtime #1
No Goal
Penalties :
No Penalty
Shootout
Quebec Nordiques, Alex DeBrincat - Stopped by Andrei Vasilevskiy
Los Angeles Kings, Seth Jarvis - Shot Misses the Net
Quebec Nordiques, Rickard Rakell - Goal!
Los Angeles Kings, Trent Frederic - Stopped by Joseph Woll
Quebec Nordiques, Matt Duchene - Stopped by Andrei Vasilevskiy
Los Angeles Kings, Andrei Svechnikov - Goal!
Quebec Nordiques, Anthony Mantha - Goal!
Los Angeles Kings, Andrei Kuzmenko - Goal!
Quebec Nordiques, Nikolaj Ehlers - Stopped by Andrei Vasilevskiy
Los Angeles Kings, Blake Wheeler - Goal!
Penalties :
No Penalty
Goalie Stats
Joseph Woll (QUE), 26 saves from 28 shots - (0.929), OTL, 28-19-7, 65:00 minutes
Andrei Vasilevskiy (LAK), 28 saves from 30 shots - (0.933), W, 18-26-9, 65:00 minutes
Players Stats for Quebec Nordiques
Player Name G A P +/- PIM S H SB GA TA FO MP PP MP PK MP
------------------------------------------------------------------------------------
Alex DeBrincat 0 1 1 0 0 2 1 0 0 1 0/0 18:04 4:11 0:04
Alexandre Carrier 0 0 0 -1 0 1 3 0 0 1 0/0 21:22 4:04 3:00
Anthony Mantha 0 0 0 0 2 3 1 0 1 0 0/1 12:38 0:00 0:00
Brock Faber 0 0 0 0 0 1 1 1 0 0 0/0 27:01 3:52 3:00
Cole Perfetti 0 0 0 1 0 2 0 0 0 0 1/1 16:12 3:43 0:00
J.J. Moser 0 0 0 0 0 0 2 0 0 2 0/0 27:47 3:52 2:45
Jonas Siegenthaler 0 0 0 -1 0 0 1 0 0 0 0/0 13:31 0:00 0:12
Jonatan Berggren 0 0 0 1 0 0 0 0 0 1 1/2 11:04 0:00 0:00
Jordan Greenway 0 0 0 -1 0 2 3 0 0 0 0/0 12:22 0:00 2:55
Luke Kunin 0 0 0 -1 0 2 2 1 2 0 2/2 12:59 0:00 2:49
Marco Rossi 1 0 1 1 0 5 3 0 0 0 2/3 12:40 0:02 0:00
Mark Giordano 0 0 0 1 4 0 0 1 0 0 0/0 21:11 4:04 0:12
Matt Duchene 0 0 0 0 0 2 3 1 4 0 13/21 19:21 4:11 0:31
Michael Anderson 0 1 1 1 0 2 2 0 0 0 0/0 19:31 0:00 2:45
Michael McCarron 0 0 0 -1 0 1 1 0 1 1 4/6 12:24 0:00 2:43
Nikolaj Ehlers 0 1 1 0 0 3 1 0 0 0 0/0 15:57 3:45 0:00
Rickard Rakell 0 0 0 0 0 0 2 1 2 1 1/2 18:50 4:11 0:00
Shane Pinto 1 0 1 0 0 4 4 0 0 0 5/12 21:06 3:45 2:52
Players Stats for Los Angeles Kings
Player Name G A P +/- PIM S H SB GA TA FO MP PP MP PK MP
------------------------------------------------------------------------------------
Adam Fantilli 0 0 0 0 0 7 1 0 0 0 10/16 16:00 2:44 0:00
Alexander Alexeyev 0 0 0 0 0 0 0 0 0 1 0/0 13:38 0:00 0:00
Alexander Romanov 0 0 0 0 0 0 1 0 0 1 0/0 14:44 0:00 1:06
Andrei Kuzmenko 1 0 1 1 0 2 1 0 2 1 0/1 20:06 2:59 3:45
Andrei Svechnikov 0 0 0 0 0 3 4 0 0 0 2/5 21:12 2:44 3:54
Blake Wheeler 0 1 1 0 0 1 0 0 0 0 1/3 13:11 0:00 3:54
K'Andre Miller 0 0 0 -1 0 0 1 2 1 1 0/0 24:41 2:44 4:02
Logan Cooley 1 0 1 0 0 5 1 0 1 2 4/13 19:04 3:10 0:10
MacKenzie Weegar 0 1 1 1 0 1 2 1 2 1 0/0 26:58 3:13 4:11
Matthew Boldy 0 0 0 -1 2 0 1 0 0 0 0/1 16:16 2:47 0:17
Michael Eyssimont 0 0 0 1 0 3 1 0 0 0 1/4 11:12 0:00 0:00
Michael Milne 0 0 0 0 0 1 1 0 0 0 0/0 13:08 0:00 0:00
Noah Dobson 0 1 1 1 0 0 3 0 0 1 0/0 26:41 3:13 3:54
Owen Power 0 0 0 0 2 3 0 4 0 1 0/0 23:47 2:44 2:39
Sampo Ranta 0 0 0 -1 0 0 0 0 0 0 0/0 8:00 0:00 0:00
Seth Jarvis 0 0 0 -1 0 2 1 0 1 1 3/6 21:54 3:10 3:52
Trent Frederic 0 0 0 -1 0 0 2 0 0 0 0/0 10:16 0:17 0:00
Vitali Kravtsov 0 0 0 1 4 0 0 0 0 0 0/1 11:12 0:00 0:00
3 Stars
1 - Marco Rossi (QUE)
2 - Andrei Kuzmenko (LAK)
3 - Shane Pinto (QUE)
Power Play
Quebec Nordiques - 0 on 4 Attempt(s) - 0.00%
Los Angeles Kings - 0 on 3 Attempt(s) - 0.00%
Penalty Kill
Quebec Nordiques - 3 on 3 Attempt(s) - 100.00%
- Score 0 goal in Penalty Kill
Los Angeles Kings - 4 on 4 Attempt(s) - 100.00%
- Score 0 goal in Penalty Kill
Team Stat
Quebec Nordiques - Hits : 30 - Faceoff Wins : 29 - Blocked Shots : 5 - Penalty Minutes : 6
Los Angeles Kings - Hits : 20 - Faceoff Wins : 21 - Blocked Shots : 7 - Penalty Minutes : 8
Official
Referees : Kyle Rehman and Garrett Rank
Linesman : David Brisebois and Joseph Mahon
Game Notes
No Game Note
Finance
Level 1 -- Attendance: 4514 (75.23%) -- Ticket Income $451,400
Level 2 -- Attendance: 3454 (69.08%) -- Ticket Income $207,240
Level 3 -- Attendance: 2260 (75.33%) -- Ticket Income $79,100
Level 4 -- Attendance: 3322 (66.44%) -- Ticket Income $83,050
Luxury Box -- Attendance: 688 (68.80%) -- Ticket Income $137,600
Game was played at the Staples Center.
Total Attendance: 14238 (71.19%)
Total Ticket Income: $958,390
Other Income: $335,436
Total Income: $1,293,826
Quebec Nordiques
5 vs 5 Forward
Center Left Wing Right Wing Time % Phy DF OF
1 Matt Duchene Anthony Mantha Rickard Rakell 30 1 2 2
2 Shane Pinto Alex DeBrincat Nikolaj Ehlers 30 1 2 2
3 Marco Rossi Jonatan Berggren Cole Perfetti 25 1 2 2
4 Michael McCarron Luke Kunin Jordan Greenway 15 1 2 2
5 vs 5 Defense
Defense Defense Time % Phy DF OF
1 Brock Faber Mark Giordano 30 1 2 2
2 J.J. Moser Michael Anderson 30 1 2 2
3 Jonas Siegenthaler Alexandre Carrier 25 1 2 2
4 Brock Faber J.J. Moser 15 1 2 2
PowerPlay Forward
Center Left Wing Right Wing Time % Phy DF OF
1 Matt Duchene Alex DeBrincat Rickard Rakell 50 1 2 2
2 Shane Pinto Cole Perfetti Nikolaj Ehlers 50 1 2 2
PowerPlay Defense
Defense Defense Time % Phy DF OF
1 Brock Faber J.J. Moser 50 1 2 2
2 Alexandre Carrier Mark Giordano 50 1 2 2
Penalty Kill 4 Players Forward
Center Wing Time % Phy DF OF
1 Michael McCarron Jordan Greenway 50 1 2 2
2 Shane Pinto Luke Kunin 50 1 2 2
Penalty Kill 4 Players Defense
Defense Defense Time % Phy DF OF
1 Brock Faber Alexandre Carrier 50 1 2 2
2 J.J. Moser Michael Anderson 50 1 2 2
Penalty Kill - 3 Players Forward
Forward Time % Phy DF OF
1 Michael McCarron 50 1 2 2
2 Shane Pinto 50 1 2 2
Penalty Kill - 3 Players Defense
Defense Defense Time % Phy DF OF
1 Brock Faber Alexandre Carrier 50 1 2 2
2 J.J. Moser Michael Anderson 50 1 2 2
4 vs 4 Forward
Center Wing Time % Phy DF OF
1 Matt Duchene Rickard Rakell 50 1 2 2
2 Shane Pinto Alex DeBrincat 50 1 2 2
4 vs 4 Defense
Defense Defense Time % Phy DF OF
1 Brock Faber J.J. Moser 50 1 2 2
2 Michael Anderson Mark Giordano 50 1 2 2
Last Minutes Offensive
Center Left Wing Right Wing Defense Defense
Matt Duchene Anthony Mantha Rickard Rakell Brock Faber J.J. Moser
Last Minutes Defensive
Center Left Wing Right Wing Defense Defense
Shane Pinto Jordan Greenway Michael McCarron Brock Faber J.J. Moser
Goaltenders
Starting : Joseph Woll
Backup : Lukas Dostal
Extra Forwards
Normal : Marco Rossi, Cole Perfetti, Jonatan Berggren - PP : Marco Rossi, Anthony Mantha - PK : Matt Duchene
Extra Defensemen
Normal : Brock Faber, J.J. Moser, Mark Giordano - PP : Michael Anderson - PK : Mark Giordano, Jonas Siegenthaler
Penalty Shots
Alex DeBrincat, Rickard Rakell, Matt Duchene, Anthony Mantha, Nikolaj Ehlers
Scratches
Jakub Voracek (Healthy), Rem Pitlick (Healthy), Connor Brown (Healthy), Justin Holl (Healthy)
Los Angeles Kings
5 vs 5 Forward
Center Left Wing Right Wing Time % Phy DF OF
1 Logan Cooley Matthew Boldy Seth Jarvis 30 1 2 2
2 Adam Fantilli Michael Milne Andrei Svechnikov 30 1 2 2
3 Michael Eyssimont Vitali Kravtsov Andrei Kuzmenko 25 1 2 2
4 Blake Wheeler Sampo Ranta Trent Frederic 15 1 2 2
5 vs 5 Defense
Defense Defense Time % Phy DF OF
1 MacKenzie Weegar Noah Dobson 35 1 2 2
2 K'Andre Miller Owen Power 35 1 2 2
3 Alexander Romanov Alexander Alexeyev 30 1 2 2
4 MacKenzie Weegar Noah Dobson 0 1 2 2
PowerPlay Forward
Center Left Wing Right Wing Time % Phy DF OF
1 Logan Cooley Andrei Kuzmenko Seth Jarvis 50 1 2 2
2 Adam Fantilli Matthew Boldy Andrei Svechnikov 50 1 2 2
PowerPlay Defense
Defense Defense Time % Phy DF OF
1 MacKenzie Weegar Noah Dobson 50 1 2 2
2 K'Andre Miller Owen Power 50 1 2 2
Penalty Kill 4 Players Forward
Center Wing Time % Phy DF OF
1 Seth Jarvis Blake Wheeler 50 1 2 2
2 Andrei Svechnikov Andrei Kuzmenko 50 1 2 2
Penalty Kill 4 Players Defense
Defense Defense Time % Phy DF OF
1 MacKenzie Weegar Noah Dobson 50 1 2 2
2 K'Andre Miller Owen Power 50 1 2 2
Penalty Kill - 3 Players Forward
Forward Time % Phy DF OF
1 Seth Jarvis 50 1 2 2
2 Andrei Svechnikov 50 1 2 2
Penalty Kill - 3 Players Defense
Defense Defense Time % Phy DF OF
1 MacKenzie Weegar Noah Dobson 50 1 2 2
2 K'Andre Miller Owen Power 50 1 2 2
4 vs 4 Forward
Center Wing Time % Phy DF OF
1 Seth Jarvis Logan Cooley 50 1 2 2
2 Andrei Svechnikov Andrei Kuzmenko 50 1 2 2
4 vs 4 Defense
Defense Defense Time % Phy DF OF
1 MacKenzie Weegar Noah Dobson 50 1 2 2
2 K'Andre Miller Owen Power 50 1 2 2
Last Minutes Offensive
Center Left Wing Right Wing Defense Defense
Logan Cooley Matthew Boldy Seth Jarvis MacKenzie Weegar Noah Dobson
Last Minutes Defensive
Center Left Wing Right Wing Defense Defense
Logan Cooley Matthew Boldy Seth Jarvis MacKenzie Weegar Noah Dobson
Goaltenders
Starting : Andrei Vasilevskiy
Backup : Jonas Johansson
Extra Forwards
Normal : Trent Frederic, Seth Jarvis, Blake Wheeler - PP : Trent Frederic, Seth Jarvis - PK : Blake Wheeler
Extra Defensemen
Normal : MacKenzie Weegar, Noah Dobson, K'Andre Miller - PP : Noah Dobson - PK : MacKenzie Weegar, K'Andre Miller
Penalty Shots
Seth Jarvis, Trent Frederic, Andrei Svechnikov, Andrei Kuzmenko, Blake Wheeler
Scratches
Ryan Reaves (Healthy), Cooper Marody (Healthy), Jakub Zboril (Healthy), Alex Gallant (Healthy)
% Time on Ice - Quebec Nordiques
Lines # - Real PCT - Wanted PCT - Time Play
Normal Forward
1 - 27% - 30% - 12:38
2 - 28% - 30% - 12:58
3 - 24% - 25% - 11:04
4 - 20% - 15% - 9:27
Normal Defense
1 - 31% - 30% - 14:22
2 - 32% - 30% - 14:58
3 - 28% - 25% - 13:03
4 - 8% - 15% - 3:44
PP Forward
1 - 53% - 50% - 4:11
2 - 47% - 50% - 3:45
PP Defense
1 - 49% - 50% - 3:52
2 - 51% - 50% - 4:04
PK Forward
1 - 51% - 50% - 3:01
2 - 49% - 50% - 2:56
PK Defense
1 - 50% - 50% - 3:00
2 - 50% - 50% - 2:57
PK3 Forward
1 - 0% - 50%
2 - 0% - 50%
PK3 Defense
1 - 0% - 50%
2 - 0% - 50%
44 Forward
1 - 49% - 50% - 2:27
2 - 51% - 50% - 2:33
44 Defense
1 - 60% - 50% - 3:00
2 - 40% - 50% - 2:00
Last Minute Offensive - 0:00
Last Minute Defensive - 0:00
Total
Forward - 65:00
Defense - 65:00
|
% Time on Ice - Los Angeles Kings
Lines # - Real PCT - Wanted PCT - Time Play
Normal Forward
1 - 30% - 30% - 13:40
2 - 29% - 30% - 13:15
3 - 24% - 25% - 11:12
4 - 17% - 15% - 8:00
Normal Defense
1 - 37% - 35% - 16:50
2 - 34% - 35% - 15:51
3 - 29% - 30% - 13:26
4 - 0% - 0% - 0:00
PP Forward
1 - 53% - 50% - 3:10
2 - 47% - 50% - 2:47
PP Defense
1 - 54% - 50% - 3:13
2 - 46% - 50% - 2:44
PK Forward
1 - 51% - 50% - 4:02
2 - 49% - 50% - 3:54
PK Defense
1 - 49% - 50% - 3:54
2 - 51% - 50% - 4:02
PK3 Forward
1 - 0% - 50%
2 - 0% - 50%
PK3 Defense
1 - 0% - 50%
2 - 0% - 50%
44 Forward
1 - 55% - 50% - 2:46
2 - 45% - 50% - 2:14
44 Defense
1 - 59% - 50% - 2:56
2 - 41% - 50% - 2:04
Last Minute Offensive - 0:00
Last Minute Defensive - 0:00
Total
Forward - 65:00
Defense - 65:00
|
Play-by-Play
1st period
0:01 of 1st period - Logan Cooley wins face-off versus Rickard Rakell in neutral zone.
0:16 of 1st period - Slapshot by Seth Jarvis.
0:16 of 1st period - Shot Hit the Post.
0:50 of 1st period - Snap shot by Andrei Kuzmenko.
0:50 of 1st period - Shot Misses the Net.
1:09 of 1st period - Minor Penalty to Mark Giordano for Delaying the game.
1:10 of 1st period - Michael McCarron wins face-off versus Logan Cooley in Quebec Nordiques zone.
1:29 of 1st period - Wrist shot by Shane Pinto.
1:29 of 1st period - Stopped by Andrei Vasilevskiy without a rebound.
1:30 of 1st period - Michael McCarron wins face-off versus Adam Fantilli in Los Angeles Kings zone.
1:39 of 1st period - Slapshot by Brock Faber.
1:39 of 1st period - Stopped by Andrei Vasilevskiy with a rebound.
2:36 of 1st period - MacKenzie Weegar is hit by Luke Kunin and loses puck.
3:09 of 1st period - Penalty to Mark Giordano is over, Mark Giordano is back on ice.
3:13 of 1st period - Alexandre Carrier is hit by Trent Frederic and loses puck.
4:38 of 1st period - MacKenzie Weegar is hit by Matt Duchene and loses puck.
4:53 of 1st period - Wrist shot by Adam Fantilli.
4:53 of 1st period - Stopped by Joseph Woll without a rebound.
4:54 of 1st period - Adam Fantilli wins face-off versus Matt Duchene in Quebec Nordiques zone.
4:57 of 1st period - Slapshot by Adam Fantilli.
4:57 of 1st period - Stopped by Joseph Woll with a rebound.
4:59 of 1st period - Slapshot by K'Andre Miller.
4:59 of 1st period - Shot Misses the Net.
5:01 of 1st period - Backhand shot by Owen Power.
5:01 of 1st period - Stopped by Joseph Woll with a rebound.
5:03 of 1st period - Wrist shot by K'Andre Miller.
5:03 of 1st period - Shot Misses the Net.
5:42 of 1st period - Wrist shot by Jordan Greenway.
5:42 of 1st period - Shot Misses the Net.
5:50 of 1st period - Wrist shot by Jordan Greenway.
5:50 of 1st period - Shot Misses the Net.
6:53 of 1st period - Owen Power is hit by Shane Pinto.
6:58 of 1st period - Icing by Owen Power.
6:59 of 1st period - Logan Cooley wins face-off versus Michael McCarron in Los Angeles Kings zone.
7:24 of 1st period - Slapshot by Adam Fantilli.
7:24 of 1st period - Stopped by Joseph Woll without a rebound.
7:25 of 1st period - Marco Rossi wins face-off versus Adam Fantilli in Quebec Nordiques zone.
7:32 of 1st period - Mark Giordano is hit by Andrei Svechnikov and loses puck.
7:37 of 1st period - Snap shot by Andrei Svechnikov.
7:37 of 1st period - Stopped by Joseph Woll with a rebound.
7:39 of 1st period - Snap shot by Andrei Svechnikov.
7:39 of 1st period - Stopped by Joseph Woll with a rebound.
7:53 of 1st period - Wrist shot by Marco Rossi.
7:53 of 1st period - Shot Misses the Net.
8:01 of 1st period - Snap shot by Nikolaj Ehlers.
8:01 of 1st period - Shot Hit the Post.
8:03 of 1st period - Wrist shot by Shane Pinto.
8:03 of 1st period - Goal by Shane Pinto - Quebec Nordiques : 1 - Los Angeles Kings : 0.
8:04 of 1st period - Adam Fantilli wins face-off versus Matt Duchene in neutral zone.
8:37 of 1st period - Andrei Svechnikov is hit by Luke Kunin and loses puck.
8:54 of 1st period - Wrist shot by Michael Eyssimont.
8:54 of 1st period - Stopped by Joseph Woll with a rebound.
8:56 of 1st period - Snap shot by Andrei Kuzmenko.
8:56 of 1st period - Shot Misses the Net.
9:20 of 1st period - Wrist shot by Marco Rossi.
9:20 of 1st period - Stopped by Andrei Vasilevskiy with a rebound.
9:22 of 1st period - Slapshot by Alexandre Carrier.
9:22 of 1st period - Deflect By Cole Perfetti.
9:22 of 1st period - Shot Misses the Net.
9:22 of 1st period - Puck is out of play.
9:23 of 1st period - Matt Duchene wins face-off versus Logan Cooley in Los Angeles Kings zone.
9:29 of 1st period - Off-side.
9:30 of 1st period - Matt Duchene wins face-off versus Logan Cooley in neutral zone.
9:41 of 1st period - Snap shot by Logan Cooley.
9:41 of 1st period - Stopped by Joseph Woll with a rebound.
10:13 of 1st period - Snap shot by Anthony Mantha.
10:13 of 1st period - Shot Blocked by Owen Power.
10:15 of 1st period - Slapshot by Michael Anderson.
10:15 of 1st period - Stopped by Andrei Vasilevskiy with a rebound.
10:17 of 1st period - Snap shot by Michael Anderson.
10:17 of 1st period - Shot Misses the Net.
10:19 of 1st period - Slapshot by J.J. Moser.
10:19 of 1st period - Shot Misses the Net.
10:21 of 1st period - Wrist shot by Anthony Mantha.
10:21 of 1st period - Stopped by Andrei Vasilevskiy without a rebound.
10:22 of 1st period - Shane Pinto wins face-off versus Vitali Kravtsov in Los Angeles Kings zone.
10:25 of 1st period - Snap shot by Nikolaj Ehlers.
10:25 of 1st period - Deflect By Shane Pinto.
10:25 of 1st period - Stopped by Andrei Vasilevskiy without a rebound.
10:26 of 1st period - Shane Pinto wins face-off versus Michael Eyssimont in Los Angeles Kings zone.
10:27 of 1st period - Wrist shot by Alex DeBrincat.
10:27 of 1st period - Shot Misses the Net.
10:39 of 1st period - Wrist shot by Andrei Kuzmenko.
10:39 of 1st period - Stopped by Joseph Woll with a rebound.
10:41 of 1st period - Slapshot by MacKenzie Weegar.
10:41 of 1st period - Shot Blocked by Mark Giordano.
10:59 of 1st period - Icing by Noah Dobson.
11:00 of 1st period - Luke Kunin wins face-off versus Adam Fantilli in Los Angeles Kings zone.
11:27 of 1st period - Slapshot by MacKenzie Weegar.
11:27 of 1st period - Deflect By Shane Pinto.
11:27 of 1st period - Stopped by Joseph Woll with a rebound.
11:51 of 1st period - Snap shot by Seth Jarvis.
11:51 of 1st period - Stopped by Joseph Woll with a rebound.
11:53 of 1st period - Wrist shot by Logan Cooley.
11:53 of 1st period - Stopped by Joseph Woll without a rebound.
11:54 of 1st period - Matt Duchene wins face-off versus Adam Fantilli in Quebec Nordiques zone.
12:03 of 1st period - Wrist shot by Matt Duchene.
12:03 of 1st period - Stopped by Andrei Vasilevskiy with a rebound.
12:05 of 1st period - Wrist shot by Anthony Mantha.
12:05 of 1st period - Stopped by Andrei Vasilevskiy with a rebound.
12:07 of 1st period - Slapshot by Alexandre Carrier.
12:07 of 1st period - Stopped by Andrei Vasilevskiy without a rebound.
12:08 of 1st period - Michael Eyssimont wins face-off versus Jonatan Berggren in Los Angeles Kings zone.
12:33 of 1st period - Adam Fantilli is hit by Alex DeBrincat and loses puck.
12:40 of 1st period - Slapshot by Nikolaj Ehlers.
12:40 of 1st period - Stopped by Andrei Vasilevskiy without a rebound.
12:41 of 1st period - Matt Duchene wins face-off versus Matthew Boldy in Los Angeles Kings zone.
12:42 of 1st period - Snap shot by Rickard Rakell.
12:42 of 1st period - Deflect By Matt Duchene.
12:42 of 1st period - Shot Misses the Net.
12:42 of 1st period - Puck is out of play.
12:43 of 1st period - Matt Duchene wins face-off versus Logan Cooley in Los Angeles Kings zone.
13:12 of 1st period - Slapshot by Marco Rossi.
13:12 of 1st period - Stopped by Andrei Vasilevskiy without a rebound.
13:13 of 1st period - Jonatan Berggren wins face-off versus Blake Wheeler in Los Angeles Kings zone.
13:14 of 1st period - Snap shot by Marco Rossi.
13:14 of 1st period - Stopped by Andrei Vasilevskiy with a rebound.
13:16 of 1st period - Wrist shot by Cole Perfetti.
13:16 of 1st period - Stopped by Andrei Vasilevskiy without a rebound.
13:17 of 1st period - Blake Wheeler wins face-off versus Marco Rossi in Los Angeles Kings zone.
13:22 of 1st period - Marco Rossi is hit by Trent Frederic and loses puck.
13:34 of 1st period - Snap shot by Marco Rossi.
13:34 of 1st period - Shot Blocked by K'Andre Miller.
13:36 of 1st period - Slapshot by J.J. Moser.
13:36 of 1st period - Deflect By Marco Rossi.
13:36 of 1st period - Stopped by Andrei Vasilevskiy with a rebound.
13:38 of 1st period - Snap shot by J.J. Moser.
13:38 of 1st period - Shot Blocked by K'Andre Miller.
13:40 of 1st period - Slapshot by Michael Anderson.
13:40 of 1st period - Shot Blocked by Owen Power.
13:56 of 1st period - Wrist shot by Marco Rossi.
13:56 of 1st period - Goal by Marco Rossi - Quebec Nordiques : 2 - Los Angeles Kings : 0.
13:57 of 1st period - Adam Fantilli wins face-off versus Shane Pinto in neutral zone.
14:00 of 1st period - Snap shot by Andrei Svechnikov.
14:00 of 1st period - Shot Misses the Net.
14:24 of 1st period - Brock Faber is hit by Noah Dobson and loses puck.
14:31 of 1st period - Wrist shot by Michael Eyssimont.
14:31 of 1st period - Shot Blocked by Brock Faber.
14:33 of 1st period - Wrist shot by Michael Eyssimont.
14:33 of 1st period - Shot Misses the Net.
14:52 of 1st period - Snap shot by Luke Kunin.
14:52 of 1st period - Shot Misses the Net.
15:15 of 1st period - Snap shot by Luke Kunin.
15:15 of 1st period - Stopped by Andrei Vasilevskiy without a rebound.
15:16 of 1st period - Matt Duchene wins face-off versus Michael Eyssimont in Los Angeles Kings zone.
15:55 of 1st period - Off-side.
15:56 of 1st period - Adam Fantilli wins face-off versus Shane Pinto in neutral zone.
15:59 of 1st period - Nikolaj Ehlers is hit by Andrei Svechnikov and loses puck.
16:28 of 1st period - Brock Faber is hit by Michael Eyssimont.
16:46 of 1st period - Snap shot by Seth Jarvis.
16:46 of 1st period - Stopped by Joseph Woll without a rebound.
16:47 of 1st period - Luke Kunin wins face-off versus Logan Cooley in Quebec Nordiques zone.
16:52 of 1st period - Matthew Boldy is hit by Michael McCarron.
17:30 of 1st period - Backhand shot by Michael McCarron.
17:30 of 1st period - Stopped by Andrei Vasilevskiy with a rebound.
17:32 of 1st period - Snap shot by Michael Anderson.
17:32 of 1st period - Stopped by Andrei Vasilevskiy with a rebound.
17:37 of 1st period - Minor Penalty to Matthew Boldy for Hooking.
17:38 of 1st period - Matt Duchene wins face-off versus Andrei Svechnikov in Los Angeles Kings zone.
17:44 of 1st period - Wrist shot by Matt Duchene.
17:44 of 1st period - Stopped by Andrei Vasilevskiy without a rebound.
17:45 of 1st period - Matt Duchene wins face-off versus Andrei Svechnikov in Los Angeles Kings zone.
17:46 of 1st period - Slapshot by Alex DeBrincat.
17:46 of 1st period - Stopped by Andrei Vasilevskiy without a rebound.
17:47 of 1st period - Andrei Svechnikov wins face-off versus Matt Duchene in Los Angeles Kings zone.
18:05 of 1st period - Noah Dobson is hit by Rickard Rakell and loses puck.
19:30 of 1st period - Blake Wheeler is hit by Brock Faber and loses puck.
19:37 of 1st period - Penalty to Matthew Boldy is over, Matthew Boldy is back on ice.
19:47 of 1st period - Slapshot by Adam Fantilli.
19:47 of 1st period - Stopped by Joseph Woll with a rebound.
19:55 of 1st period - Alexander Romanov is hit by Jordan Greenway and loses puck.
Goals for this period are 2 for Quebec Nordiques vs 0 for Los Angeles Kings.
Shots for this period are 21 for Quebec Nordiques vs 14 for Los Angeles Kings.
2nd period
0:01 of 2nd period - Shane Pinto wins face-off versus Adam Fantilli in neutral zone.
0:04 of 2nd period - Owen Power is hit by Shane Pinto and loses puck.
0:46 of 2nd period - Slapshot by Owen Power.
0:46 of 2nd period - Stopped by Joseph Woll with a rebound.
0:48 of 2nd period - Slapshot by Owen Power.
0:48 of 2nd period - Deflect By Jonatan Berggren.
0:48 of 2nd period - Stopped by Joseph Woll with a rebound.
1:14 of 2nd period - Wrist shot by Nikolaj Ehlers.
1:14 of 2nd period - Stopped by Andrei Vasilevskiy with a rebound.
1:16 of 2nd period - Slapshot by Alex DeBrincat.
1:16 of 2nd period - Stopped by Andrei Vasilevskiy with a rebound.
2:21 of 2nd period - Noah Dobson is hit by Alexandre Carrier and loses puck.
2:40 of 2nd period - Slapshot by Andrei Kuzmenko.
2:40 of 2nd period - Goal by Andrei Kuzmenko - Quebec Nordiques : 2 - Los Angeles Kings : 1.
2:41 of 2nd period - Adam Fantilli wins face-off versus Matt Duchene in neutral zone.
2:44 of 2nd period - Matt Duchene is hit by Michael Milne and loses puck.
3:07 of 2nd period - Shane Pinto is hit by Andrei Kuzmenko and loses puck.
3:26 of 2nd period - Minor Penalty to Owen Power for Roughing.
3:27 of 2nd period - Seth Jarvis wins face-off versus Shane Pinto in Los Angeles Kings zone.
5:22 of 2nd period - Icing by Rickard Rakell.
5:23 of 2nd period - Logan Cooley wins face-off versus Shane Pinto in Quebec Nordiques zone.
5:26 of 2nd period - Penalty to Owen Power is over, Owen Power is back on ice.
5:45 of 2nd period - Slapshot by Logan Cooley.
5:45 of 2nd period - Stopped by Joseph Woll with a rebound.
5:47 of 2nd period - Snap shot by Blake Wheeler.
5:47 of 2nd period - Shot Misses the Net.
5:49 of 2nd period - Wrist shot by Logan Cooley.
5:49 of 2nd period - Stopped by Joseph Woll with a rebound.
5:51 of 2nd period - Slapshot by MacKenzie Weegar.
5:51 of 2nd period - Shot Misses the Net.
5:53 of 2nd period - Snap shot by Blake Wheeler.
5:53 of 2nd period - Shot Blocked by Luke Kunin.
5:55 of 2nd period - Slapshot by Noah Dobson.
5:55 of 2nd period - Deflect By Logan Cooley.
5:55 of 2nd period - Goal by Logan Cooley - Quebec Nordiques : 2 - Los Angeles Kings : 2.
5:56 of 2nd period - Matt Duchene wins face-off versus Adam Fantilli in neutral zone.
7:15 of 2nd period - Wrist shot by Luke Kunin.
7:15 of 2nd period - Shot Blocked by Owen Power.
7:17 of 2nd period - Slapshot by Luke Kunin.
7:17 of 2nd period - Stopped by Andrei Vasilevskiy without a rebound.
7:18 of 2nd period - Adam Fantilli wins face-off versus Matt Duchene in Los Angeles Kings zone.
7:48 of 2nd period - Wrist shot by Marco Rossi.
7:48 of 2nd period - Shot Misses the Net.
8:05 of 2nd period - Minor Penalty to Mark Giordano for Hooking.
8:06 of 2nd period - Shane Pinto wins face-off versus Logan Cooley in Quebec Nordiques zone.
8:18 of 2nd period - Luke Kunin is hit by MacKenzie Weegar and loses puck.
8:31 of 2nd period - Alexandre Carrier is hit by MacKenzie Weegar and loses puck.
8:46 of 2nd period - K'Andre Miller is hit by Jordan Greenway and loses puck.
10:05 of 2nd period - Penalty to Mark Giordano is over, Mark Giordano is back on ice.
10:15 of 2nd period - Slapshot by J.J. Moser.
10:15 of 2nd period - Deflect By Shane Pinto.
10:15 of 2nd period - Stopped by Andrei Vasilevskiy without a rebound.
10:16 of 2nd period - Cole Perfetti wins face-off versus Andrei Kuzmenko in Los Angeles Kings zone.
10:34 of 2nd period - Minor Penalty to Vitali Kravtsov for High sticking.
10:35 of 2nd period - Seth Jarvis wins face-off versus Shane Pinto in Los Angeles Kings zone.
10:44 of 2nd period - Andrei Kuzmenko is hit by Shane Pinto and loses puck.
12:34 of 2nd period - Penalty to Vitali Kravtsov is over, Vitali Kravtsov is back on ice.
12:52 of 2nd period - Wrist shot by Michael Milne.
12:52 of 2nd period - Stopped by Joseph Woll with a rebound.
12:54 of 2nd period - Slapshot by Adam Fantilli.
12:54 of 2nd period - Stopped by Joseph Woll with a rebound.
12:56 of 2nd period - Snap shot by Adam Fantilli.
12:56 of 2nd period - Stopped by Joseph Woll without a rebound.
12:57 of 2nd period - Michael McCarron wins face-off versus Logan Cooley in Quebec Nordiques zone.
13:10 of 2nd period - Snap shot by Michael McCarron.
13:10 of 2nd period - Deflect By Jordan Greenway.
13:10 of 2nd period - Stopped by Andrei Vasilevskiy without a rebound.
13:11 of 2nd period - Adam Fantilli wins face-off versus Matt Duchene in Los Angeles Kings zone.
14:08 of 2nd period - Icing by Michael Anderson.
14:09 of 2nd period - Marco Rossi wins face-off versus Andrei Svechnikov in Quebec Nordiques zone.
15:18 of 2nd period - Snap shot by Michael Eyssimont.
15:18 of 2nd period - Stopped by Joseph Woll with a rebound.
15:38 of 2nd period - Snap shot by Matthew Boldy.
15:38 of 2nd period - Shot Misses the Net.
16:11 of 2nd period - Icing by Owen Power.
16:12 of 2nd period - Adam Fantilli wins face-off versus Matt Duchene in Los Angeles Kings zone.
17:26 of 2nd period - Minor Penalty to Anthony Mantha for Hooking.
17:27 of 2nd period - Adam Fantilli wins face-off versus Michael McCarron in Quebec Nordiques zone.
17:36 of 2nd period - Michael McCarron is hit by Matthew Boldy and loses puck.
17:47 of 2nd period - Brock Faber is hit by Andrei Svechnikov and loses puck.
18:12 of 2nd period - Seth Jarvis is hit by Jordan Greenway and loses puck.
19:26 of 2nd period - Penalty to Anthony Mantha is over, Anthony Mantha is back on ice.
Goals for this period are 0 for Quebec Nordiques vs 2 for Los Angeles Kings.
Shots for this period are 5 for Quebec Nordiques vs 10 for Los Angeles Kings.
3rd period
0:01 of 3rd period - Logan Cooley wins face-off versus Shane Pinto in neutral zone.
0:12 of 3rd period - Snap shot by Nikolaj Ehlers.
0:12 of 3rd period - Shot Misses the Net.
0:45 of 3rd period - Snap shot by Nikolaj Ehlers.
0:45 of 3rd period - Stopped by Andrei Vasilevskiy with a rebound.
1:32 of 3rd period - Noah Dobson is hit by Nikolaj Ehlers.
1:52 of 3rd period - Snap shot by Michael Eyssimont.
1:52 of 3rd period - Stopped by Joseph Woll without a rebound.
1:53 of 3rd period - Adam Fantilli wins face-off versus Anthony Mantha in Quebec Nordiques zone.
1:58 of 3rd period - Slapshot by Andrei Svechnikov.
1:58 of 3rd period - Stopped by Joseph Woll with a rebound.
2:20 of 3rd period - Jonas Siegenthaler is hit by Seth Jarvis and loses puck.
3:07 of 3rd period - Slapshot by Marco Rossi.
3:07 of 3rd period - Shot Misses the Net.
3:45 of 3rd period - Slapshot by Jordan Greenway.
3:45 of 3rd period - Stopped by Andrei Vasilevskiy with a rebound.
3:59 of 3rd period - Matt Duchene is hit by K'Andre Miller.
4:05 of 3rd period - Adam Fantilli is hit by Anthony Mantha and loses puck.
6:15 of 3rd period - Alexandre Carrier is hit by Logan Cooley and loses puck.
8:25 of 3rd period - Shane Pinto is hit by Alexander Romanov.
8:41 of 3rd period - Mark Giordano is hit by Andrei Svechnikov and loses puck.
9:09 of 3rd period - Andrei Kuzmenko is hit by Marco Rossi and loses puck.
9:26 of 3rd period - Michael Milne is hit by Alexandre Carrier and loses puck.
10:59 of 3rd period - Matthew Boldy is hit by Alexandre Carrier and loses puck.
11:26 of 3rd period - Slapshot by Adam Fantilli.
11:26 of 3rd period - Stopped by Joseph Woll with a rebound.
11:32 of 3rd period - Mark Giordano is hit by Adam Fantilli and loses puck.
11:46 of 3rd period - Off-side.
11:47 of 3rd period - Michael McCarron wins face-off versus Blake Wheeler in neutral zone.
12:16 of 3rd period - Noah Dobson is hit by J.J. Moser.
13:07 of 3rd period - Icing by Andrei Kuzmenko.
13:08 of 3rd period - Matt Duchene wins face-off versus Michael Eyssimont in Los Angeles Kings zone.
13:09 of 3rd period - Wrist shot by Rickard Rakell.
13:09 of 3rd period - Shot Misses the Net.
13:19 of 3rd period - Wrist shot by Rickard Rakell.
13:19 of 3rd period - Deflect By Anthony Mantha.
13:19 of 3rd period - Shot Blocked by Owen Power.
13:19 of 3rd period - Puck is out of play.
13:20 of 3rd period - Matt Duchene wins face-off versus Logan Cooley in Los Angeles Kings zone.
13:50 of 3rd period - Slapshot by Jonatan Berggren.
13:50 of 3rd period - Deflect By Cole Perfetti.
13:50 of 3rd period - Stopped by Andrei Vasilevskiy with a rebound.
14:28 of 3rd period - Slapshot by Anthony Mantha.
14:28 of 3rd period - Stopped by Andrei Vasilevskiy with a rebound.
14:36 of 3rd period - Slapshot by Michael Eyssimont.
14:36 of 3rd period - Shot Blocked by Matt Duchene.
15:16 of 3rd period - Adam Fantilli is hit by Jonas Siegenthaler and loses puck.
15:53 of 3rd period - Minor Penalty to Vitali Kravtsov for Slashing.
15:54 of 3rd period - Andrei Svechnikov wins face-off versus Shane Pinto in Los Angeles Kings zone.
16:30 of 3rd period - Slapshot by J.J. Moser.
16:30 of 3rd period - Deflect By Alex DeBrincat.
16:30 of 3rd period - Shot Blocked by MacKenzie Weegar.
16:30 of 3rd period - Puck is out of play.
16:31 of 3rd period - Seth Jarvis wins face-off versus Matt Duchene in Los Angeles Kings zone.
17:53 of 3rd period - Penalty to Vitali Kravtsov is over, Vitali Kravtsov is back on ice.
19:12 of 3rd period - Icing by Matt Duchene.
19:13 of 3rd period - Matt Duchene wins face-off versus Logan Cooley in Quebec Nordiques zone.
19:18 of 3rd period - Trent Frederic is hit by Matt Duchene and loses puck.
19:56 of 3rd period - Logan Cooley is hit by Marco Rossi and loses puck.
Goals for this period are 0 for Quebec Nordiques vs 0 for Los Angeles Kings.
Shots for this period are 4 for Quebec Nordiques vs 3 for Los Angeles Kings.
Overtime #1
0:01 of 1st overtime period - Matt Duchene wins face-off versus Seth Jarvis in neutral zone.
0:03 of 1st overtime period - Off-side.
0:04 of 1st overtime period - Rickard Rakell wins face-off versus Seth Jarvis in neutral zone.
1:09 of 1st overtime period - Andrei Svechnikov is hit by Michael Anderson and loses puck.
1:38 of 1st overtime period - Owen Power is hit by Matt Duchene and loses puck.
2:00 of 1st overtime period - Andrei Svechnikov is hit by J.J. Moser and loses puck.
2:15 of 1st overtime period - Matt Duchene is hit by Noah Dobson and loses puck.
2:20 of 1st overtime period - Snap shot by Trent Frederic.
2:20 of 1st overtime period - Shot Blocked by Rickard Rakell.
2:22 of 1st overtime period - Snap shot by Blake Wheeler.
2:22 of 1st overtime period - Stopped by Joseph Woll without a rebound.
2:23 of 1st overtime period - Shane Pinto wins face-off versus Seth Jarvis in Quebec Nordiques zone.
2:32 of 1st overtime period - Seth Jarvis is hit by Shane Pinto and loses puck.
3:24 of 1st overtime period - MacKenzie Weegar is hit by Rickard Rakell and loses puck.
3:41 of 1st overtime period - MacKenzie Weegar is hit by Marco Rossi and loses puck.
4:34 of 1st overtime period - Marco Rossi is hit by Noah Dobson and loses puck.
4:53 of 1st overtime period - Andrei Kuzmenko is hit by Michael Anderson and loses puck.
Goals for this period are 0 for Quebec Nordiques vs 0 for Los Angeles Kings.
Shots for this period are 0 for Quebec Nordiques vs 1 for Los Angeles Kings.
ShootOut
5:00 of 1st overtime period - Round #1.
5:00 of 1st overtime period - Quebec Nordiques, Alex DeBrincat.
5:00 of 1st overtime period - Backhand shot by Alex DeBrincat.
5:00 of 1st overtime period - Stopped by Andrei Vasilevskiy.
5:00 of 1st overtime period - Los Angeles Kings, Seth Jarvis.
5:00 of 1st overtime period - Backhand shot by Seth Jarvis.
5:00 of 1st overtime period - Shot Misses the Net.
5:00 of 1st overtime period - Round #2.
5:00 of 1st overtime period - Quebec Nordiques, Rickard Rakell.
5:00 of 1st overtime period - Deke by Rickard Rakell.
5:00 of 1st overtime period - Goal by Rickard Rakell.
5:00 of 1st overtime period - Los Angeles Kings, Trent Frederic.
5:00 of 1st overtime period - Backhand shot by Trent Frederic.
5:00 of 1st overtime period - Stopped by Joseph Woll.
5:00 of 1st overtime period - Round #3.
5:00 of 1st overtime period - Quebec Nordiques, Matt Duchene.
5:00 of 1st overtime period - Wrist shot by Matt Duchene.
5:00 of 1st overtime period - Stopped by Andrei Vasilevskiy.
5:00 of 1st overtime period - Los Angeles Kings, Andrei Svechnikov.
5:00 of 1st overtime period - Snap shot by Andrei Svechnikov.
5:00 of 1st overtime period - Goal by Andrei Svechnikov.
5:00 of 1st overtime period - Round #4.
5:00 of 1st overtime period - Quebec Nordiques, Anthony Mantha.
5:00 of 1st overtime period - Deke by Anthony Mantha.
5:00 of 1st overtime period - Goal by Anthony Mantha.
5:00 of 1st overtime period - Los Angeles Kings, Andrei Kuzmenko.
5:00 of 1st overtime period - Wrist shot by Andrei Kuzmenko.
5:00 of 1st overtime period - Goal by Andrei Kuzmenko.
5:00 of 1st overtime period - Round #5.
5:00 of 1st overtime period - Quebec Nordiques, Nikolaj Ehlers.
5:00 of 1st overtime period - Backhand shot by Nikolaj Ehlers.
5:00 of 1st overtime period - Stopped by Andrei Vasilevskiy.
5:00 of 1st overtime period - Los Angeles Kings, Blake Wheeler.
5:00 of 1st overtime period - Snap shot by Blake Wheeler.
5:00 of 1st overtime period - Goal by Blake Wheeler.
Back to the Top